 Dungeon Crawl Stone Soup version 0.22-a0-456-g11ed031 (webtiles) character file.

1 DrEnzyme the Magician (level 1, 0/11 HPs)
             Began as an Octopode Wanderer on June 6, 2018.
             Slain by a frilled lizard (2 damage)
             ... on level 1 of the Dungeon.
             The game lasted 00:00:38 (47 turns).

DrEnzyme the Magician (Octopode Wanderer)             Turns: 47, Time: 00:00:39

Health: 0/11       AC:  1    Str: 11    XL:     1   Next: 20%
Magic:  6/6        EV: 12    Int: 15    God:
Gold:   0          SH:  0    Dex: 10    Spells: 9/10 levels left

rFire    . . .     SeeInvis .   d - +0 club
rCold    . . .     Gourm    .   (no shield)
rNeg     . . .     Faith    .   (helmet restricted)
rPois    .         Spirit   .   (no amulet)
rElec    .         Reflect  .   (no ring)
rCorr    .         Harm     .   (no ring)
MR       .....                  (no ring)
Stlth    +++.......             (no ring)
HPRegen  0.03/turn              (no ring)
MPRegen  0.10/turn              (no ring)
                                (no ring)
                                (no ring)

@: no status effects
A: almost no armour, stealthy swim, amphibious, 8 rings, constrict 8, camouflage
1, gelatinous body 1
a: no special abilities


You were on level 1 of the Dungeon.
You were not hungry.

You visited 1 branch of the dungeon, and saw 1 of its levels.

Inventory:

Hand Weapons
 d - a +0 club (weapon)
Scrolls
 c - a scroll of teleportation
Potions
 b - a potion of curing
Comestibles
 a - a chunk of flesh
 f - a ration


   Skills:
 * Level 0.1 Fighting
 - Level 1.0 Throwing
 + Level 1.4 Stealth
 * Level 0.1 Unarmed Combat
 - Level 5.0 Spellcasting
   Level 1.0 Necromancy
   Level 1.0 Translocations
   Level 1.0 Fire Magic


You had 9 spell levels left.
You knew the following spells:

 Your Spells              Type           Power        Failure   Level  Hunger
a - Magic Dart            Conj           #...         16%         1    None

Your spell library contained the following spells:

 Spells                   Type           Power        Failure   Level  Hunger
 Conjure Flame            Conj/Fire      #.......     36%         3    ###....
 Slow                     Hex            #.......     24%         2    ##.....
 Mephitic Cloud           Conj/Pois/Air  #.......     43%         3    ###....
 Blink                    Tloc           N/A          16%         2    ##.....
 Call Imp                 Summ           #.......     24%         2    ##.....


Dungeon Overview and Level Annotations

Branches:
Dungeon (1/15)

Altars:


Innate Abilities, Weirdness & Mutations

You cannot wear most types of armour.
You are very stealthy in the water. (Stealth+)
You are amphibious.
You can wear up to eight rings at the same time.
You can use your tentacles to constrict eight enemies at once.
Your skin changes colour to match your surroundings (Stealth+).
Your rubbery body absorbs attacks. (AC +1, EV +1)


Message History

A goblin comes into view.
Found a ration.
The goblin shouts!
You hear an angry hiss.
A frilled lizard comes into view.
Found a stone staircase leading down.
There is an open door here.
A frilled lizard comes into view.
You barely miss the goblin.
The frilled lizard hisses angrily.
Your grab misses the goblin. The goblin hits you.
You hit the goblin. Your grab misses the goblin.
The goblin is severely wounded.
The goblin hits you. The goblin misses you.
You barely miss the frilled lizard. You grab the frilled lizard.
You constrict the frilled lizard. The frilled lizard bites you.
* * * LOW HITPOINT WARNING * * *
The frilled lizard bites you.
* * * LOW HITPOINT WARNING * * *
The goblin closely misses you. The frilled lizard bites you.
You die...

# .#
###+####.#
#........#
#....%...#
#........#
#..g.....#
#.l@l..>.#
.....##'####.#
##. #.# #.#
#.# #.####.#
.. #....#.#
...####.##.#
...........#
...........# #


You could see a goblin and 2 frilled lizards.

Vanquished Creatures
  A bat (D:1)
1 creature vanquished.

Notes
Turn   | Place    | Note
-------+----------+-------------------------------------------
     0 | D:1      | DrEnzyme the Octopode Wanderer began the quest for the Orb.
     0 | D:1      | DrEnzyme set off with: a potion of curing, a scroll of teleportation, a +0 club, a ration
     0 | D:1      | Reached XP level 1. HP: 11/11 MP: 6/6
     5 | D:1      | Learned a level 1 spell: Magic Dart
    47 | D:1      | Slain by a frilled lizard

Vault maps used:
D:1:      giann_forest_graveyard, minmay_misc_feat_rows

Action                   || total
-------------------------++-------
Melee: Club              ||     8
       Constrict         ||     3
Armor: Skin              ||     2
Dodge: Dodged            ||    12

Table legend:
 A = Spawn XP
 B = Non-spawn XP
 C = Spawn XP percentage of total XP
 D = Spawn monster count
 E = Non-spawn monster count
 F = Spawn count percentage of total count
 G = Total turns spent on level
                    A         B        C        D         E        F      G
               +---------+---------+-------+---------+---------+-------+---------
         Total |       0 |       2 |   0.0 |       0 |       1 |   0.0 |    47
               +---------+---------+-------+---------+---------+-------+---------
           D:1 |       0 |       2 |   0.0 |       0 |       1 |   0.0 |    47
               +---------+---------+-------+---------+---------+-------+---------
